 Dungeon Crawl Stone Soup version 0.18-a0-965-g9200175 (webtiles) character file.

263 filipzpl the Skirmisher (level 5, 0/44 HPs)
             Began as a Demonspawn Berserker on Jan 1, 2016.
             Was a Priest of Trog.
             Slain by root's ghost (5 damage)
             ... on level 4 of the Dungeon.
             The game lasted 00:05:10 (3451 turns).

filipzpl the Skirmisher (Demonspawn Berserker)      Turns: 3451, Time: 00:05:11

Health: 0/44       AC:  8    Str: 18    XL:     5   Next: 98%
Magic:  5/5        EV:  6    Int:  8    God:    Trog [***...]
Gold:   204        SH: 11    Dex: 13    Spells: 0 memorised, 4 levels left

rFire  + . .     SeeInvis .     a - +0 mace
rCold  . . .     Gourm    .     q - +2 ring mail {rF+}
rNeg   . . .     Faith    .     r - +0 large shield
rPois  .         Spirit   .     k - +0 helmet
rElec  .         Dismiss  .     (no cloak)
rCorr  .         Reflect  .     (no gloves)
SustAt .         Harm     .     (no boots)
MR     .....                    (no amulet)
Stlth  ++........               (no ring)
                                (no ring)

@: not resistant to hostile enchantments, unstealthy
A: talons 1, nightstalker 1
a: Berserk, Trog's Hand, Burn Spellbooks, Renounce Religion


You were on level 4 of the Dungeon.
You worshipped Trog.
Trog was most pleased with you.
You were very hungry.

You visited 1 branch of the dungeon, and saw 4 of its levels.

You collected 204 gold pieces.

Inventory:

Hand Weapons
 a - a +0 mace (weapon)
Armour
 k - a +0 helmet (worn)
 q - a +2 ring mail of fire resistance (worn)
 r - a +0 large shield (worn)
Wands
 t - a wand of flame (48/48)
Scrolls
 h - 2 scrolls of identify
 i - 5 scrolls of remove curse
Potions
 e - a potion of invisibility
 f - a potion of brilliance {unknown}
 g - a potion of resistance {unknown}
 j - 2 potions of heal wounds {unknown}
 l - 2 potions of cure mutation {unknown}
 m - 2 potions of cancellation {unknown}
 o - 2 potions of curing {unknown}
 u - a potion of poison {unknown}
 v - a potion of might {unknown}
 w - a potion of degeneration {unknown}
 x - 2 potions of haste {unknown}
Comestibles
 c - 3 bread rations
 n - 2 meat rations


   Skills:
 * Level 5.0 Fighting
 * Level 4.8 Maces & Flails
 - Level 1.7 Armour
 - Level 1.7 Dodging


You had 4 spell levels left.
You didn't know any spells.

Dungeon Overview and Level Annotations

Branches:
Dungeon (4/15)
 Temple: D:4-7

Altars:
Pakellas
Vehumet

Annotations:
D:4 root's ghost, amateur DrFE


Innate Abilities, Weirdness & Mutations

You have sharp toenails.
You are slightly more attuned to the shadows.


Message History

Root's ghost is lightly damaged.
Root's ghost hits you but does no damage.
You block root's ghost's attack.
You barely miss root's ghost.
You claw root's ghost, but do no damage.
Root's ghost is lightly damaged.
Root's ghost casts a spell at you. The flame tongue hits you! You resist.
* * * LOW HITPOINT WARNING * * *
You hit root's ghost but do no damage. Your kick misses root's ghost.
Root's ghost is lightly damaged.
You block root's ghost's attack.
You hit root's ghost but do no damage.
You claw root's ghost, but do no damage.
Root's ghost is lightly damaged.
Root's ghost gestures at you while chanting.
The flame tongue hits you! You resist.
* * * LOW HITPOINT WARNING * * *
Root's ghost hits you.
You die...

#....####.
#....'....
#....#####
####.#
#########.#
#.........#
#.#########
#.#######.#
#....W@...#
########.......
#.###### #..
####


You could see root's ghost.

Vanquished Creatures
  An orc priest (D:3)
  Crazy Yiuf (D:2)
  Jessica (D:2)
  Natasha (twice) (D:2)
  4 adders
  2 worms
  4 giant geckos
  8 orcs (D:3)
  15 bats
  A giant cockroach (D:2)
  5 goblins
  4 hobgoblins
  10 jackals
  A quokka (D:2)
  A ball python (D:1)
  4 giant newts
  10 kobolds
  8 rats
82 creatures vanquished.

Notes
Turn   | Place    | Note
--------------------------------------------------------------
     0 | D:1      | filipzpl the Demonspawn Berserker began the quest for the Orb.
     0 | D:1      | Reached XP level 1. HP: 18/18 MP: 1/1
   231 | D:1      | Gained mutation: You are slightly more attuned to the shadows. [demonic ancestry]
   231 | D:1      | Reached XP level 2. HP: 17/24 MP: 2/2
   752 | D:1      | Gained mutation: You have sharp toenails. [demonic ancestry]
   752 | D:1      | Reached XP level 3. HP: 25/29 MP: 3/3
  1168 | D:2      | Reached ** piety under Trog
  1554 | D:2      | Reached skill level 4 in Fighting
  1584 | D:2      | Noticed Natasha
  1592 | D:2      | Killed Natasha
  1592 | D:2      | Reached XP level 4. HP: 27/37 MP: 4/4
  1905 | D:2      | Noticed Jessica
  1909 | D:2      | Killed Jessica
  2003 | D:2      | Noticed Crazy Yiuf
  2015 | D:2      | Killed Crazy Yiuf
  2015 | D:2      | Reached XP level 5. HP: 41/43 MP: 5/5
  2186 | D:2      | Noticed Natasha
  2193 | D:2      | Killed Natasha
  2590 | D:3      | Reached *** piety under Trog
  2650 | D:3      | Found an oddly glowing altar of Pakellas.
  2951 | D:3      | Reached skill level 5 in Fighting
  3377 | D:4      | Found a radiant altar of Vehumet.
  3432 | D:4      | Noticed root's ghost (amateur DrFE)
  3451 | D:4      | Slain by root's ghost

Vault maps used:
D:1:      dpeg_arrival_shrine
D:2:      serial_bayou_pond_e, uniq_natasha, uniq_crazy_yiuf_cottage,
          uniq_jessica
D:3:      first_bread, grunt_pakellas_salt
D:4:      kennysheep_mini, minmay_temple_entry_statues_fountains,
          gup_sewer_entry_spiral, serial_shops, nicolae_shop_statue_plus,
          led_sif_pool, uniq_pikel

Action                   |  1- 3 |  4- 6 || total
-------------------------+-------+-------++-------
Melee: Mace              |   127 |   188 ||   315
Invok: Berserk           |       |     1 ||     1
  Use: Scroll            |       |     8 ||     8
 Stab: Sleeping          |     5 |     1 ||     6
  Eat: Chunk             |     2 |     4 ||     6
       Beef jerky        |       |     1 ||     1
       Fruit             |       |     1 ||     1
